 Dungeon Crawl Stone Soup version 0.23.2-33-g5129a83184 (webtiles) character file.

Game seed: 868059321870033877

6885 Bergy the Blocker (level 11, -3/90 HPs)
             Began as a Gargoyle Fighter on June 29, 2019.
             Was a Believer of Makhleb.
             Slain by a skeletal warrior
             ... wielding a +0 flail
             ... led by a skeletal warrior
              (13 damage)
             ... on level 11 of the Dungeon.
             The game lasted 00:40:09 (9272 turns).

Bergy the Blocker (Gargoyle Fighter)                Turns: 9272, Time: 00:40:10

Health: -3/90      AC: 25    Str: 23    XL:     11   Next: 6%
Magic:  11/11      EV:  2    Int:  9    God:    Makhleb [**....]
Gold:   309        SH: 19    Dex: 12    Spells: 10/10 levels left

rFire    . . .     SeeInvis .   I - +0 war axe (freeze)
rCold    . . .     Gourm    .   g - +0 large shield
rNeg     + + +     Faith    .   (armour currently unavailable)
rPois    ∞         Spirit   .   (helmet currently unavailable)
rElec    .         Reflect  .   (cloak currently unavailable)
rCorr    .         Harm     .   (gloves currently unavailable)
MR       +....     NoTele   +   (boots currently unavailable)
Stlth    +.........             J - amulet of magic regeneration
HPRegen  0.25/turn              z - ring of protection from magic
MPRegen  0.37/turn              s - +3 ring of dexterity

@: tree-form
A: negative energy resistance 1, petrification resistance, rot immunity, AC +8
a: Minor Destruction, Renounce Religion


You were on level 11 of the Dungeon.
You worshipped Makhleb.
Makhleb was pleased with you.
You were very hungry.
You were a tree.
You visited 1 branch of the dungeon, and saw 11 of its levels.
You also visited: Bailey.

You collected 523 gold pieces.
You spent 214 gold pieces at shops.

Inventory:

Hand Weapons
 i - a +3 whip of venom
 I - a +0 war axe of freezing (weapon)
Armour
 g - a +0 large shield (worn)
 j - a +0 plate armour (melded)
 r - a scarf of repulsion (melded)
 t - a +0 helmet (melded)
 C - a +1 pair of gloves of strength (melded)
Jewellery
 a - an uncursed ring of resist corrosion
 m - an uncursed ring of fire
 s - a +3 ring of dexterity (right branch)
 z - a ring of protection from magic (left branch)
 J - an amulet of magic regeneration (around neck)
Wands
 x - a wand of flame (27)
 K - a wand of iceblast (8)
Scrolls
 b - 6 scrolls of identify
 c - 8 scrolls of remove curse
 l - 2 scrolls of teleportation {unknown}
 o - a scroll of magic mapping {unknown}
 p - 3 scrolls of immolation {unknown}
 q - 2 scrolls of enchant armour {unknown}
 v - a scroll of holy word {unknown}
 y - a scroll of fear {unknown}
 B - 2 scrolls of blinking {unknown}
 D - a scroll of amnesia {unknown}
Potions
 d - a potion of might
 e - 2 potions of agility
 h - a potion of brilliance {unknown}
 k - a potion of magic {unknown}
 n - a potion of cancellation {unknown}
 u - a potion of ambrosia {unknown}
 w - a potion of lignification
 E - 2 potions of invisibility
 G - a potion of heal wounds {unknown}
Miscellaneous
 H - a phial of floods
Comestibles
 f - 8 rations


   Skills:
 - Level 3.2 Fighting
 * Level 11.1 Maces & Flails
 + Level 6.2 Armour
 + Level 12.6 Shields


You had 10 spell levels left.
You didn't know any spells.
Your spell library contained the following spells:

 Spells                   Type           Power        Failure   Level  Hunger
 Infusion                 Chrm           #...         90%         1    ##.....
 Magic Dart               Conj           #...         90%         1    ##.....
 Sting                    Conj/Pois      #...         90%         1    ##.....
 Summon Small Mammal      Summ           #...         90%         1    ##.....
 Blink                    Tloc           N/A          97%         2    ###....
 Call Imp                 Summ           #.......     97%         2    ###....
 Poisonous Vapours        Pois/Air       #.....       97%         2    ###....
 Shroud of Golubria       Chrm/Tloc      #.........   97%         2    ###....
 Slow                     Hex            #.......     97%         2    ###....
 Song of Slaying          Chrm           #.......     97%         2    ###....
 Call Canine Familiar     Summ           #.......     99%         3    ####...
 Conjure Flame            Conj/Fire      #.......     99%         3    ####...
 Mephitic Cloud           Conj/Pois/Air  #.......     99%         3    ####...
 Regeneration             Chrm/Necr      #.........   99%         3    ####...
 Spectral Weapon          Hex/Chrm       #.......     99%         3    ####...
 Summon Guardian Golem    Hex/Summ       #.......     99%         3    ####...
 Olgreb's Toxic Radiance  Pois           #.......     100%        4    #####..
 Summon Ice Beast         Ice/Summ       #.......     100%        4    #####..
 Summon Lightning Spire   Summ/Air       #.......     100%        4    #####..
 Venom Bolt               Conj/Pois      #.........   100%        5    ######.


Dungeon Overview and Level Annotations

Branches:
Dungeon (11/15)            Temple (0/1) D:5             Orc (0/2) D:11
   Lair: D:8-11

Altars:
Gozag
Hepliaklqana
Kikubaaqudgha
Makhleb
Nemelex Xobeh
Okawaru
Qazlal
Sif Muna
Yredelemnul
Zin
The Shining One

Shops:
D:8 [![*


Innate Abilities, Weirdness & Mutations

You are resistant to torment.
((Your stone body is resilient. (AC +8)))
You are immune to poison.
You resist negative energy. (rN+)
((You are resistant to electric shocks. (rElec)))
((You can survive without breathing.))
You are immune to petrification.
You are immune to rotting.


Message History

You block the skeletal warrior's attack.
The skeletal warrior hits you but does no damage.
You barely miss the skeletal warrior.
The skeletal warrior is moderately damaged.
The skeletal warrior hits you with a +0 flail!
* * * LOW HITPOINT WARNING * * *
You barely miss the skeletal warrior.
The skeletal warrior is moderately damaged.
The skeletal warrior hits you with a +0 flail!
* * * LOW HITPOINT WARNING * * *
You closely miss the skeletal warrior.
The skeletal warrior is moderately damaged.
You block the skeletal warrior's attack.
You hit the skeletal warrior but do no damage.
The skeletal warrior is moderately damaged.
You block the skeletal warrior's attack.
You slash the skeletal warrior! You freeze the skeletal warrior.
The skeletal warrior is heavily damaged.
The skeletal warrior hits you with a +0 flail!
You die...

......#######+
#################.............
#....#..........#.............
#....#..........#.............
#....#..........#.............
#....#..........'.............
#....#..........#.....####+###
#....'..........#.....#.......
#...####.####♣..#.....#.......
#...####.####z..###'###.......
#..........#....#.....'..(....
#..........#....#....##..#####
#..........#....#....##..... .
#############...#........#####
........#...#######... .
...$....#'####...##..##
........#........###..


You could see a skeletal warrior.

Vanquished Creatures
  Snorg (D:10)
  Harold (D:6)
  A centaur warrior (D:9)
  Maurice (D:8)
  A komodo dragon (D:11)
  Sigmund (D:2)
  A wyvern (D:8)
  5 yaks (D:9)
  Menkaure (D:5)
  Duvessa (D:7)
  An ice beast (D:8)
  3 sky beasts
  2 phantoms
  4 ogres
  2 centaurs
  A bullfrog (D:10)
  Dowan (D:7)
  3 scorpions
  5 wights (D:8)
  A howler monkey (D:10)
  6 crimson imps
  2 bullfrog zombies
  3 hounds
  A centaur skeleton (D:10)
  2 quasits
  2 orc priests
  3 jellies
  3 orc wizards
  4 bullfrog skeletons
  An iguana (D:7)
  Natasha (thrice) (D:2)
  5 worker ants
  A killer bee zombie (D:7)
  A worker ant zombie (D:6)
  Robin (D:2)
  9 gnolls
  8 adders
  4 shadow imps
  An ooze (D:6)
  An adder zombie (D:6)
  An adder skeleton (D:5)
  A worm (D:2)
  2 dart slugs (D:1)
  4 leopard geckos
  21 orcs
  4 giant cockroaches
  14 goblins
  4 hobgoblins
  5 jackals
  3 quokkas
  A ball python (D:3)
  7 bats
  6 frilled lizards
  14 kobolds
  A leopard gecko skeleton (D:5)
  A rat (D:1)
187 creatures vanquished.

Notes
Turn   | Place    | Note
-------+----------+-------------------------------------------
     0 | D:1      | Bergy the Gargoyle Fighter began the quest for the Orb.
     0 | D:1      | Reached XP level 1. HP: 14/14 MP: 1/1
   340 | D:1      | Reached XP level 2. HP: 19/19 MP: 2/2
   439 | D:1      | Reached skill level 4 in Shields
   885 | D:2      | Noticed Sigmund
   896 | D:2      | Reached XP level 3. HP: 23/23 MP: 3/3
  1082 | D:2      | Reached XP level 4. HP: 28/28 MP: 4/4
  1208 | D:2      | Noticed Natasha
  1220 | D:2      | Killed Natasha
  1220 | D:2      | Reached skill level 5 in Shields
  1323 | D:2      | Noticed Natasha
  1343 | D:2      | Killed Natasha
  1343 | D:2      | Reached XP level 5. HP: 17/32 MP: 5/5
  1507 | D:2      | Found a faded altar of an unknown god.
  1552 | D:2      | Noticed Natasha
  1563 | D:2      | Killed Natasha
  1592 | D:2      | Killed Sigmund
  1592 | D:2      | Reached skill level 6 in Shields
  1592 | D:2      | Reached XP level 6. HP: 36/37 MP: 6/6
  1627 | D:2      | Noticed Robin
  1657 | D:2      | Killed Robin
  1812 | D:2      | Found a sparkling altar of Nemelex Xobeh.
  1933 | D:3      | Reached skill level 7 in Shields
  2867 | D:4      | Noticed a sky beast
  2876 | D:4      | Killed a sky beast
  2876 | D:4      | Reached XP level 7. HP: 41/41 MP: 7/7
  3286 | D:4      | Got a crude mace
  3320 | D:4      | Identified the +4 mace "Dragon's Tongue" {crush, rC- MR+
                  | Str+2} (You found it on level 4 of the Dungeon)
  3443 | D:5      | Entered Level 5 of the Dungeon
  3743 | D:5      | Reached skill level 8 in Shields
  3754 | D:5      | Reached skill level 5 in Maces & Flails
  3770 | D:5      | Found a staircase to the Ecumenical Temple.
  3928 | D:5      | Noticed Menkaure
  3954 | D:5      | Killed Menkaure
  3954 | D:5      | Reached XP level 8. HP: 23/46 MP: 8/8
  4846 | D:6      | Reached skill level 9 in Shields
  4911 | D:6      | Paralysed by a crimson imp for 5 turns
  4943 | D:6      | Paralysed by a crimson imp for 7 turns
  4951 | D:6      | Found an iron altar of Okawaru.
  5033 | D:6      | Found an opulent altar of Gozag.
  5037 | D:6      | Found an ancient bone altar of Kikubaaqudgha.
  5053 | D:6      | Got a crude scale mail
  5054 | D:6      | Identified the +1 scale mail of the Tortoise {rPois Int+2}
                  | (You found it on level 6 of the Dungeon)
  5273 | D:7      | Noticed Harold
  5395 | D:6      | Killed Harold
  5395 | D:6      | Reached skill level 10 in Shields
  5395 | D:6      | Reached XP level 9. HP: 13/51 MP: 9/9
  5774 | D:7      | Noticed Dowan
  5775 | D:7      | Noticed Duvessa
  5797 | D:7      | Killed Duvessa
  5802 | D:7      | Killed Dowan
  5890 | D:7      | Identified the +4 robe of Levity {rC+ rCorr Stlth+}
  6205 | D:8      | Found Enicyaro's Armour Shop.
  6215 | D:8      | Bought a +1 pair of gloves of strength for 214 gold pieces
  6244 | D:8      | Noticed Maurice
  6307 | D:8      | Killed Maurice
  6307 | D:8      | Reached skill level 5 in Armour
  6407 | D:8      | Found Wiunke Ynoon's Distillery.
  6435 | D:8      | Found Famicino's Armour Emporium.
  6528 | D:8      | Found a hazy altar of Hepliaklqana.
  6531 | D:8      | Found a stormy altar of Qazlal.
  6534 | D:8      | Found a basalt altar of Yredelemnul.
  6537 | D:8      | Found a deep blue altar of Sif Muna.
  6672 | D:8      | Found a burning altar of Makhleb.
  6690 | D:8      | Became a worshipper of Makhleb the Destroyer
  6848 | D:8      | Reached skill level 11 in Shields
  7011 | D:8      | Found Zin's Purification Station.
  7014 | D:8      | Found a glowing silver altar of Zin.
  7039 | D:8      | Reached XP level 10. HP: 51/56 MP: 10/10
  7476 | D:9      | Reached * piety under Makhleb
  7620 | D:9      | You fall through a shaft!
  7620 | D:10     | Entered Level 10 of the Dungeon
  7863 | D:9      | Reached skill level 10 in Maces & Flails
  7865 | D:9      | Found a glowing golden altar of the Shining One.
  7901 | D:9      | Noticed a centaur warrior
  7935 | D:9      | Killed a centaur warrior
  7949 | D:9      | Reached skill level 12 in Shields
  8257 | D:10     | Found a flagged portal.
  8288 | Bailey   | Entered a bailey
  8381 | D:10     | Noticed Snorg
  8435 | D:10     | Killed Snorg
  8730 | D:10     | Reached XP level 11. HP: 60/60 MP: 11/11
  8813 | D:10     | Reached ** piety under Makhleb
  9183 | D:11     | Found a staircase to the Orcish Mines.
  9184 | D:11     | Noticed a skeletal warrior
  9272 | D:11     | Slain by a skeletal warrior

Skill      XL: |  1  2  3  4  5  6  7  8  9 10 11 |
---------------+----------------------------------+-----
Shields        | 4 5 6 7 8 10 11 12 | 12.6
Maces & Flails | 3 4 5 7 9 10 11 | 11.1
Armour         | 4 5 6 |  6.2
Fighting       | |  3.2

Action                   |  1- 3 |  4- 6 |  7- 9 | 10-12 || total
-------------------------+-------+-------+-------+-------++-------
Melee: Flail             |    39 |       |       |       ||    39
       Whip              |    83 |   181 |   609 |   381 ||  1254
       War axe           |       |       |       |    20 ||    20
  Use: Potion            |       |     1 |     5 |     5 ||    11
       Scroll            |       |       |     7 |     7 ||    14
  Eat: Chunk             |     1 |     6 |     3 |     7 ||    17
       Ration            |       |       |     3 |       ||     3
Armor: Scale mail        |    23 |       |       |       ||    23
       Plate armour      |    39 |    83 |   168 |    78 ||   368
       Skin              |       |       |       |     2 ||     2
Dodge: Dodged            |    22 |    10 |    39 |    20 ||    91
       Deflected         |       |       |     1 |     1 ||     2
Block: Large shield      |   109 |   122 |   406 |   257 ||   894
       Shield            |     8 |       |       |       ||     8
